| TOP OF THE 1ST |
|
Chattanooga Lookouts batting - Pitching for Akron RubberDucks : RHP Andy Coats
|
|
Pitching: RHP Andy Coats
|
|
|
Batting: LHB Marius Tadini
|
0-0: Called Strike 0-1: Hit by Pitch
|
|
Batting: RHB Ruben Martinez
|
0-0: Ball 1-0: Ball 2-0: Ball 3-0: Called Strike 3-1: SINGLE (Groundball, 56D, EV 107.5 MPH) Marius Tadini to second
|
|
Batting: LHB Matt Robertson
|
0-0: Swinging Strike 0-1: Ball 1-1: Foul Ball, location: 2F 1-2: Ball 2-2: Foul Ball, location: 2F 2-2: Fielders Choice at 2nd, 3-6 (Groundball, 34, EV 83.1 MPH) Marius Tadini to third
|
|
Batting: RHB Isaiah Easter
|
0-0: Foul Ball, location: 2F 0-1: Swinging Strike 0-2: Ball 1-2: Strikes out swinging
|
|
Batting: RHB Justin Allison
|
0-0: Ball 1-0: Ball 2-0: Swinging Strike 2-1: Swinging Strike 2-2: Ball 3-2: Strikes out swinging
|
| Top of the 1st over - 0 runs, 1 hit, 0 errors, 2 left on base; Chattanooga 0 - Akron 0 |
| BOTTOM OF THE 1ST |
|
Akron RubberDucks batting - Pitching for Chattanooga Lookouts : RHP Matt Springer
|
|
Pitching: RHP Matt Springer
|
|
|
Batting: LHB Nick Welling
|
0-0: Fly out, F8 (Flyball, 78M, EV 91.9 MPH)
|
|
Batting: RHB Hieronim Rutkowski
|
0-0: Foul Ball, location: 2F 0-1: Ball 1-1: Ball 2-1: SINGLE (Groundball, 4MS, EV 66.9 MPH) (infield hit)
|
|
Batting: RHB Christian Blue
|
0-0: Ball 1-0: Ball 2-0: Called Strike 2-1: Foul Ball, location: 2F 2-2: Foul Ball, location: 2F 2-2: SINGLE (Groundball, 34, EV 103.1 MPH) Hieronim Rutkowski to second Runner from 2nd tries for 3rd, SAFE, no throw by RF
|
|
Batting: RHB Mike Plugge
|
0-0: Ball 1-0: Foul Ball, location: 2F 1-1: Foul Ball, location: 2F 1-2: Foul Ball, location: 2F 1-2: SINGLE (Groundball, 34D, EV 111.2 MPH) Hieronim Rutkowski scores Christian Blue to second Runner from 2nd tries for 3rd, SAFE, throw by RF made to third
|
|
Batting: RHB Harris Leroux
|
0-0: Ball 1-0: Ball 2-0: Swinging Strike 2-1: Ball 3-1: Grounds into double play, 6-4-3 (Groundball, 6S, EV 87.5 MPH)
|
| Bottom of the 1st over - 1 run, 3 hits, 0 errors, 1 left on base; Chattanooga 0 - Akron 1 |
| TOP OF THE 2ND |
|
Chattanooga Lookouts batting - Pitching for Akron RubberDucks : RHP Andy Coats
|
|
Batting: RHB Masaichi Tokunaga
|
0-0: Ball 1-0: Swinging Strike 1-1: Ball 2-1: Ball 3-1: Base on Balls
|
|
Batting: RHB Bobby Paredes
|
0-0: Ball 1-0: Ball 2-0: Called Strike 2-1: Foul Ball, location: 2F 2-2: Ground out 5-3 (Groundball, 56S, EV 62.5 MPH) Masaichi Tokunaga to second
|
|
Batting: RHB Julian de Reus
|
0-0: Ball 1-0: Ball 2-0: Called Strike 2-1: Ground out 6-3 (Groundball, 6S, EV 66.2 MPH) Masaichi Tokunaga to third
|
|
Batting: RHB Ben Droge
|
0-0: Swinging Strike 0-1: Ball 1-1: Swinging Strike 1-2: Ball 2-2: Foul Ball, location: 2F 2-2: Strikes out swinging
|
| Top of the 2nd over - 0 runs, 0 hits, 0 errors, 1 left on base; Chattanooga 0 - Akron 1 |
| BOTTOM OF THE 2ND |
|
Akron RubberDucks batting - Pitching for Chattanooga Lookouts : RHP Matt Springer
|
|
Batting: SHB Arturo Baez
|
0-0: Ball 1-0: Ball 2-0: Swinging Strike 2-1: Swinging Strike 2-2: Fly out, F8 (Flyball, 8RS, EV 76.9 MPH)
|
|
Batting: LHB Corey Trevor
|
0-0: Called Strike 0-1: Called Strike 0-2: Strikes out swinging
|
|
Batting: LHB John Dietrich
|
0-0: Ball 1-0: Called Strike 1-1: Called Strike 1-2: Strikes out looking
|
| Bottom of the 2nd over - 0 runs, 0 hits, 0 errors, 0 left on base; Chattanooga 0 - Akron 1 |
| TOP OF THE 3RD |
|
Chattanooga Lookouts batting - Pitching for Akron RubberDucks : RHP Andy Coats
|
|
Batting: LHB Marius Tadini
|
0-0: Foul Ball, location: 2F 0-1: Ball 1-1: Fly out, F6 (Line Drive, 6, EV 68.1 MPH)
|
|
Batting: RHB Ruben Martinez
|
0-0: Ball 1-0: Called Strike 1-1: DOUBLE (Line Drive, 7LM, EV 107.5 MPH)
|
|
Batting: LHB Matt Robertson
|
0-0: Called Strike 0-1: Foul Ball, location: 2F 0-2: Ground out 6-3 (Groundball, 56, EV 105.0 MPH)
|
|
Batting: RHB Isaiah Easter
|
0-0: Fly out, F8 (Flyball, 8LS, EV 80.0 MPH)
|
| Top of the 3rd over - 0 runs, 1 hit, 0 errors, 1 left on base; Chattanooga 0 - Akron 1 |
| BOTTOM OF THE 3RD |
|
Akron RubberDucks batting - Pitching for Chattanooga Lookouts : RHP Matt Springer
|
|
Batting: RHB Reynaldo Herrera
|
0-0: Ball 1-0: Foul Ball, location: 2F 1-1: Ball 2-1: Called Strike 2-2: Ball 3-2: Strikes out swinging
|
|
Batting: LHB Nick Welling
|
0-0: Ball 1-0: Ball 2-0: Swinging Strike 2-1: Foul Ball, location: 2F 2-2: Ball 3-2: Foul Ball, location: 2F 3-2: Ground out 4-3 (Groundball, 4M, EV 106.9 MPH)
|
|
Batting: RHB Hieronim Rutkowski
|
0-0: Ball 1-0: Called Strike 1-1: Ball 2-1: Foul Ball, location: 2F 2-2: Fly out, F8 (Flyball, 78D, EV 91.9 MPH)
|
| Bottom of the 3rd over - 0 runs, 0 hits, 0 errors, 0 left on base; Chattanooga 0 - Akron 1 |
| TOP OF THE 4TH |
|
Chattanooga Lookouts batting - Pitching for Akron RubberDucks : RHP Andy Coats
|
|
Batting: RHB Justin Allison
|
0-0: Called Strike 0-1: Ball 1-1: Foul Ball, location: 2F 1-2: Fly out, F7 (Line Drive, 7, EV 101.9 MPH)
|
|
Batting: RHB Masaichi Tokunaga
|
0-0: Ball 1-0: Ground out 6-3 (Groundball, 6, EV 106.9 MPH)
|
|
Batting: RHB Bobby Paredes
|
0-0: Ground out 6-3 (Groundball, 6S, EV 75.0 MPH)
|
| Top of the 4th over - 0 runs, 0 hits, 0 errors, 0 left on base; Chattanooga 0 - Akron 1 |
| BOTTOM OF THE 4TH |
|
Akron RubberDucks batting - Pitching for Chattanooga Lookouts : RHP Matt Springer
|
|
Batting: RHB Christian Blue
|
0-0: Ball 1-0: Ball 2-0: Ball 3-0: Base on Balls
|
|
Batting: RHB Mike Plugge
|
0-0: Ball 1-0: SINGLE (Flyball, 9, EV 96.2 MPH) Christian Blue to second Runner from 2nd tries for 3rd, OUT! 9-5
|
|
Batting: RHB Harris Leroux
|
0-0: Fly out, F7 (Line Drive, 7D, EV 109.4 MPH)
|
|
Batting: SHB Arturo Baez
|
0-0: Ball 1-0: SINGLE (Flyball, 9LS, EV 90.0 MPH) Mike Plugge to second
|
|
Batting: LHB Corey Trevor
|
0-0: Ball 1-0: Foul Ball, location: 2F 1-1: Swinging Strike 1-2: Strikes out swinging
|
| Bottom of the 4th over - 0 runs, 2 hits, 0 errors, 2 left on base; Chattanooga 0 - Akron 1 |
| TOP OF THE 5TH |
|
Chattanooga Lookouts batting - Pitching for Akron RubberDucks : RHP Andy Coats
|
|
Batting: RHB Julian de Reus
|
0-0: Called Strike 0-1: Called Strike 0-2: Strikes out swinging
|
|
Batting: RHB Ben Droge
|
0-0: Called Strike 0-1: Ball 1-1: Called Strike 1-2: Ball 2-2: Strikes out swinging
|
|
Batting: LHB Marius Tadini
|
0-0: Called Strike 0-1: Ball 1-1: DOUBLE (Line Drive, 9LS, EV 89.4 MPH)
|
|
Batting: RHB Ruben Martinez
|
0-0: Ball 1-0: Ball 2-0: Ball 3-0: Base on Balls
|
|
Batting: LHB Matt Robertson
|
0-0: Ball 1-0: Foul Ball, location: 2F 1-1: SINGLE (Groundball, 34D, EV 104.4 MPH) Marius Tadini to third Ruben Martinez to second Runner from 3rd tries for Home, throw by RF and OUT! 9-2
|
| Top of the 5th over - 0 runs, 2 hits, 0 errors, 2 left on base; Chattanooga 0 - Akron 1 |
| BOTTOM OF THE 5TH |
|
Akron RubberDucks batting - Pitching for Chattanooga Lookouts : RHP Matt Springer
|
|
Batting: LHB John Dietrich
|
0-0: Ball 1-0: Foul Ball, location: 2F 1-1: Foul Ball, location: 2F 1-2: Ball 2-2: Strikes out swinging
|
|
Batting: RHB Reynaldo Herrera
|
0-0: Swinging Strike 0-1: Ball 1-1: Called Strike 1-2: Ground out 5-3 (Groundball, 56, EV 102.5 MPH)
|
|
Batting: LHB Nick Welling
|
0-0: Called Strike 0-1: Ball 1-1: Foul Ball, location: 2F 1-2: Ball 2-2: Ball 3-2: Base on Balls
|
|
Batting: RHB Hieronim Rutkowski
|
0-0: Foul Ball, location: 2F 0-1: Ball 1-1: Foul Ball, location: 2F 1-2: Strikes out swinging
|
| Bottom of the 5th over - 0 runs, 0 hits, 0 errors, 1 left on base; Chattanooga 0 - Akron 1 |
| TOP OF THE 6TH |
|
Chattanooga Lookouts batting - Pitching for Akron RubberDucks : RHP Andy Coats
|
|
Batting: RHB Isaiah Easter
|
0-0: Swinging Strike 0-1: Ball 1-1: Foul Ball, location: 2F 1-2: Foul Ball, location: 2F 1-2: Ball 2-2: Ball 3-2: Strikes out swinging
|
|
Pitching: RHP Jay Cowgill
|
|
|
Batting: RHB Justin Allison
|
0-0: Ball 1-0: Ball 2-0: Called Strike 2-1: Foul Ball, location: 2F 2-2: Foul Ball, location: 2F 2-2: Strikes out swinging
|
|
Batting: RHB Masaichi Tokunaga
|
0-0: Called Strike 0-1: Ball 1-1: Ball 2-1: Ground out 4-3 (Groundball, 4, EV 83.8 MPH)
|
| Top of the 6th over - 0 runs, 0 hits, 0 errors, 0 left on base; Chattanooga 0 - Akron 1 |
| BOTTOM OF THE 6TH |
|
Akron RubberDucks batting - Pitching for Chattanooga Lookouts : RHP Matt Springer
|
|
Batting: RHB Christian Blue
|
0-0: Ball 1-0: Ball 2-0: Called Strike 2-1: Ball 3-1: Called Strike 3-2: Base on Balls
|
|
Batting: RHB Mike Plugge
|
0-0: Ball 1-0: Foul Ball, location: 2F 1-1: Called Strike 1-2: Ball 2-2: 2-RUN HOME RUN (Flyball, 9D, EV 97.5 MPH), Distance : 360 ft
|
|
Batting: RHB Harris Leroux
|
0-0: Ball 1-0: Fly out, F7 (Flyball, 78M, EV 76.2 MPH)
|
|
Pitching: RHP Curtis Ferguson
|
|
|
Batting: SHB Arturo Baez
|
0-0: Ball 1-0: Ball 2-0: Ground out U3 (Groundball, 3, EV 105.0 MPH)
|
|
Batting: LHB Corey Trevor
|
0-0: Ball 1-0: Ball 2-0: Ball 3-0: Called Strike 3-1: Fly out, F8 (Line Drive, 8RM, EV 92.5 MPH)
|
| Bottom of the 6th over - 2 runs, 1 hit, 0 errors, 0 left on base; Chattanooga 0 - Akron 3 |
| TOP OF THE 7TH |
|
Chattanooga Lookouts batting - Pitching for Akron RubberDucks : RHP Jay Cowgill
|
|
Pitching: RHP T.J. McCullough
|
|
|
Batting: RHB Bobby Paredes
|
0-0: Ground out 4-3 (Groundball, 34, EV 80.6 MPH)
|
|
Batting: RHB Julian de Reus
|
0-0: Reached via error on a dropped throw from 2B, E3 (Groundball, 4S, EV 72.5 MPH)
|
|
Batting: RHB Ben Droge
|
0-0: Foul Ball, location: 2F 0-1: Ball 1-1: Fly out, F8 (Flyball, 8RD, EV 106.9 MPH)
|
|
Batting: LHB Marius Tadini
|
0-0: Ball 1-0: Swinging Strike 1-1: Ball 2-1: Ball 3-1: Foul Ball, location: 2F 3-2: Strikes out looking
|
| Top of the 7th over - 0 runs, 0 hits, 1 error, 1 left on base; Chattanooga 0 - Akron 3 |
| BOTTOM OF THE 7TH |
|
Akron RubberDucks batting - Pitching for Chattanooga Lookouts : RHP Curtis Ferguson
|
|
Pitching: RHP Mike Ferry
|
|
|
Batting: LHB John Dietrich
|
0-0: Ground out 6-3 (Groundball, 6, EV 87.5 MPH)
|
|
Batting: RHB Reynaldo Herrera
|
0-0: Fly out, F8 (Flyball, 8RD, EV 91.2 MPH)
|
|
Batting: LHB Nick Welling
|
0-0: Ground out 6-3 (Groundball, 6, EV 105.6 MPH)
|
| Bottom of the 7th over - 0 runs, 0 hits, 0 errors, 0 left on base; Chattanooga 0 - Akron 3 |
| TOP OF THE 8TH |
|
Chattanooga Lookouts batting - Pitching for Akron RubberDucks : RHP T.J. McCullough
|
|
Batting: RHB Ruben Martinez
|
0-0: Foul Ball, location: 2F 0-1: SOLO HOME RUN (Flyball, 78XD, EV 98.8 MPH), Distance : 391 ft
|
|
Batting: LHB Matt Robertson
|
0-0: Foul Ball, location: 2F 0-1: Ground out U3 (Groundball, 3S, EV 85.6 MPH)
|
|
Batting: RHB Isaiah Easter
|
0-0: Ball 1-0: Swinging Strike 1-1: Ground out 5-3 (Groundball, 15, EV 80.0 MPH)
|
|
Batting: RHB Justin Allison
|
0-0: Called Strike 0-1: Ball 1-1: Ground out 4-3 (Groundball, 13, EV 92.5 MPH)
|
| Top of the 8th over - 1 run, 1 hit, 0 errors, 0 left on base; Chattanooga 1 - Akron 3 |
| BOTTOM OF THE 8TH |
|
Akron RubberDucks batting - Pitching for Chattanooga Lookouts : RHP Mike Ferry
|
|
Batting: RHB Hieronim Rutkowski
|
0-0: Foul Ball, location: 2F 0-1: Ground out 6-3 (Groundball, 6MS, EV 86.2 MPH)
|
|
Batting: RHB Christian Blue
|
0-0: Ground out 4-3 (Groundball, 4, EV 102.5 MPH)
|
|
Batting: RHB Mike Plugge
|
0-0: Ground out 6-3 (Groundball, 56D, EV 81.9 MPH)
|
| Bottom of the 8th over - 0 runs, 0 hits, 0 errors, 0 left on base; Chattanooga 1 - Akron 3 |
| TOP OF THE 9TH |
|
Chattanooga Lookouts batting - Pitching for Akron RubberDucks : RHP T.J. McCullough
|
|
Pitching: RHP Jorge Reyes
|
|
|
Batting: RHB Masaichi Tokunaga
|
0-0: Ground out 4-3 (Groundball, 4S, EV 84.4 MPH)
|
|
Pinch Hitting: LHB Armando Rendon
|
0-0: Ball 1-0: Called Strike 1-1: Foul Ball, location: 2F 1-2: SINGLE (Groundball, 34D, EV 101.2 MPH)
|
|
Batting: RHB Julian de Reus
|
0-0: Swinging Strike 0-1: Ball 1-1: Foul Ball, location: 2F 1-2: Ball 2-2: SINGLE (Groundball, 6D, EV 97.5 MPH) Armando Rendon to second
|
|
Pinch Hitting: LHB Kozo Kanamori
|
0-0: Ball 1-0: Called Strike 1-1: Foul Ball, location: 2F 1-2: Strikes out swinging
|
|
Batting: LHB Marius Tadini
|
0-0: Called Strike 0-1: Ground out 4-3 (Groundball, 4S, EV 83.1 MPH)
|
| Top of the 9th over - 0 runs, 2 hits, 0 errors, 2 left on base; Chattanooga 1 - Akron 3 |
|